 Dungeon Crawl Stone Soup version 0.18-a0-1028-g6e46bd4 (webtiles) character file.

49 Oddball22 the Insei (level 3, 0/26 HPs)
             Began as a Demonspawn Transmuter on Jan 9, 2016.
             Slain by a kobold
             ... wielding a +0 short sword
              (5 damage)
             ... on level 2 of the Dungeon.
             The game lasted 00:03:10 (1849 turns).

Oddball22 the Insei (Demonspawn Transmuter)         Turns: 1849, Time: 00:03:10

Health: 0/26       AC:  3    Str: 10    XL:     3   Next: 53%
Magic:  5/6        EV: 12    Int: 14    God:
Gold:   132        SH:  0    Dex: 14    Spells: 1 memorised, 5 levels left

rFire  + . .     SeeInvis .       - Unarmed
rCold  . . .     Gourm    .     b - +0 robe
rNeg   . . .     Faith    +     (no shield)
rPois  .         Spirit   .     (no helmet)
rElec  .         Dismiss  .     i - +0 cloak
rCorr  .         Reflect  .     (no gloves)
SustAt .         Harm     .     (no boots)
MR     .....                    g - amulet of faith
Stlth  +.........               (no ring)
                                k - ring of protection from fire

@: appendage (expiring), very slightly contaminated, not resistant to hostile
enchantments, very unstealthy
A: horns 2, rot immunity
a: End Transformation


You were on level 2 of the Dungeon.
You were not hungry.
You had grown temporary horns.
You visited 1 branch of the dungeon, and saw 2 of its levels.

You collected 132 gold pieces.

Inventory:

Missiles
 a - 31 arrows
Armour
 b - a +0 robe (worn)
 i - a +0 cloak (worn)
Jewellery
 g - an amulet of faith (around neck)
 k - a ring of protection from fire (left hand)
Scrolls
 e - a scroll of fog {unknown}
 f - a scroll of magic mapping {unknown}
 j - a scroll of random uselessness {unknown}
 n - a scroll of amnesia {unknown}
Potions
 h - 2 potions of heal wounds {unknown}
 l - a potion of flight {unknown}
 p - 2 potions of magic {unknown}
Books
 c - a book of Changes

   Spells                             Type                      Level
   a - Beastly Appendage              Transmutation                1
   b - Sticks to Snakes               Transmutation                2
   c - Spider Form                    Transmutation/Poison         3
   d - Ice Form                       Ice/Transmutation            4
   e - Blade Hands                    Transmutation                5
Comestibles
 d - 2 bread rations
 m - 8 chunks of flesh
 o - a beef jerky


   Skills:
 + Level 1.4 Fighting
 - Level 1.7 Dodging
 * Level 3.5 Unarmed Combat
 + Level 2.3 Spellcasting
 + Level 2.1 Transmutations


You had 5 spell levels left.
You knew the following spells:

 Your Spells              Type           Power        Failure   Level  Hunger
a - Beastly Appendage     Trmt           #.....       12%         1    #......


Dungeon Overview and Level Annotations

Branches:
Dungeon (2/15)

Altars:


Innate Abilities, Weirdness & Mutations

You are immune to rotting.
You have a pair of horns on your head.


Message History

You hit the kobold.
You kill the kobold!
Your transformation is almost over.
You hit the kobold.
The kobold is heavily wounded.
The kobold closely misses you.
You barely miss the kobold.
The kobold is heavily wounded.
The kobold hits you with a short sword.
* * * LOW HITPOINT WARNING * * *
You hit the kobold but do no damage.
The kobold is heavily wounded.
The kobold hits you with a short sword.
* * * LOW HITPOINT WARNING * * *
You hit the kobold but do no damage.
The kobold is heavily wounded.
You closely miss the kobold.
The kobold is heavily wounded.
The kobold hits you with a short sword.
You die...

#..............>
#..####.....##
#..# #.....#
#..######.###
####>......#.#
#............#
#.###.####...#
#.# ##### #@#
#K# #.K# #..#
#... #..# #..# #
...# # #..# #


You could see 2 kobolds.

Vanquished Creatures
  An ooze (D:1)
  A worm (D:2)
  2 giant geckos (D:1)
  3 bats (D:1)
  2 giant cockroaches
  7 goblins
  2 hobgoblins (D:1)
  5 jackals (D:1)
  7 kobolds
  A giant newt (D:1)
  4 rats
35 creatures vanquished.

Notes
Turn   | Place    | Note
--------------------------------------------------------------
     0 | D:1      | Oddball22 the Demonspawn Transmuter began the quest for the Orb.
     0 | D:1      | Reached XP level 1. HP: 15/15 MP: 3/3
   224 | D:1      | Reached skill level 3 in Unarmed Combat
   300 | D:1      | Gained mutation: You are immune to rotting. [demonic ancestry]
   300 | D:1      | Reached XP level 2. HP: 15/21 MP: 3/5
  1062 | D:1      | Reached XP level 3. HP: 7/26 MP: 6/6
  1849 | D:2      | Slain by a kobold

Vault maps used:
D:1:      lightli_arrival_maybe_door_vault, hex_intersection, serial_park_tiny_1
D:2:      nicolae_dithmenos_shadow_blocks, lexackson_kobold_supper

Action                   || total
-------------------------++-------
Melee: Unarmed           ||   161
 Cast: Beastly Appendage ||    13
 Stab: Sleeping          ||     4
  Eat: Chunk             ||     3
